 Dungeon Crawl Stone Soup version 0.26.1-10-gdfb7c7de75 (webtiles) character file.

Game seed: 1684787324150113691

434 Chiseanne the Magician (level 6, -12/41 HPs)
             Began as a Demonspawn Hedge Wizard on Apr 10, 2021.
             Mangled by a mummy (13 damage)
             ... in an ossuary.
             The game lasted 00:07:56 (5278 turns).

Chiseanne the Magician (Demonspawn Hedge Wizard)    Turns: 5278, Time: 00:07:57

Health: -12/41     AC: 17    Str: 10    XL:     6   Next: 67%
Magic:  1/13       EV: 12    Int: 17    God:
Gold:   172        SH:  0    Dex: 13    Spells: 9/15 levels left

rFire    . . .     SeeInvis .   a - +1 dagger (venom)
rCold    . . .     Faith    .   (no shield)
rNeg     . . .     Spirit   .   b - +0 robe
rPois    .         Reflect  .   c - +0 hat
rElec    .         Harm     .   (no cloak)
rCorr    .         Rampage  .   g - +0 pair of gloves
Will     .....                  s - +1 pair of boots
Stlth    ++........             (no amulet)
HPRegen  0.13/turn              (no ring)
MPRegen  0.13/turn              (no ring)

@: marked, sanguine armour
A: spiny 1, sanguine armour 3
a: no special abilities


You were in an ossuary.
You visited 1 branch of the dungeon, and saw 4 of its levels.
You also visited: Ossuary.

You collected 172 gold pieces.

Inventory:

Hand Weapons
 a - a +1 dagger of venom (weapon)
Missiles
 d - 114 arrows
 e - 24 poisoned darts
 j - 29 bolts
 n - 84 stones
 q - 36 sling bullets
 r - 5 boomerangs
Armour
 b - a +0 robe (worn)
 c - a +0 hat (worn)
 g - a +0 pair of gloves (worn)
 s - a +1 pair of boots (worn)
Scrolls
 o - a scroll of blinking
 p - a scroll of teleportation
 v - a scroll of remove curse
Potions
 f - 2 potions of flight
 i - a potion of might
 k - a potion of attraction {unknown}
 l - a potion of cancellation {unknown}
 m - a potion of brilliance {unknown}


   Skills:
 - Level 1.7 Dodging
 - Level 1.7 Stealth
 * Level 5.0 Spellcasting
 * Level 4.3 Conjurations
 - Level 1.0 Summonings
 - Level 0.8 Translocations
 * Level 1.5 Air Magic
 * Level 1.9 Poison Magic


You had 9 spell levels left.
You knew the following spells:

 Your Spells              Type           Power        Failure   Level
a - Magic Dart            Conj           76%          2%          1
b - Blink                 Tloc           N/A          16%         2
d - Mephitic Cloud        Conj/Pois/Air  13%          14%         3

Your spell library contained the following spells:

 Spells                   Type           Power        Failure   Level
 Call Imp                 Summ           7%           14%         2
 Conjure Flame            Conj/Fire      11%          17%         3
 Slow                     Hex            4%           22%         2


Dungeon Overview and Level Annotations

Branches:
Dungeon (4/15)            Ossuary (1/1)
 Temple: D:4-7

Altars:
Hepliaklqana

Annotations:
D:2 1 runed translucent door, Crazy Yiuf


Innate Abilities, Weirdness & Mutations

You are partially covered in sharp spines.
When seriously injured, your bleeding wounds create very thick armour. (AC +12)


Message History

Casting: Magic Dart (safe; 2% risk of failure)
Confirm with . or Enter, or press ? or * to list all spells.
You don't have enough magic to cast that spell.
The mummy hits you!
* * * LOW HITPOINT WARNING * * *
You hit the mummy.
The mummy is moderately damaged.
You hit the mummy but do no damage.
The mummy is moderately damaged.
The mummy misses you.
You hit the mummy.
The mummy is heavily damaged.
You closely miss the mummy.
The mummy is heavily damaged.
The mummy is struck by your spines. The mummy hits you!
* * * LOW HITPOINT WARNING * * *
You hit the mummy.
The mummy is severely damaged.
The mummy hits you!
You die...

####################
#.........∩∩........
#.......Z...........
#..M##############..
#..@# #...# #..
#...# #...## #..
#...####+.... #Z.
#...#.....∩.# #..
#...#.......# #..
#...#.......# #..
#...#.......####.#..
#...#..........ZZ#..
#...#.####ZZ####.#..


You could see a mummy.

Vanquished Creatures
  A big kobold (D:2)
  A centaur zombie (Ossuary)
  2 orc priests (D:3)
  An orc wizard (D:3)
  An iguana (D:4)
  A mummy (Ossuary)
  7 gnolls
  5 adders
  A worm (D:2)
  3 leopard geckos
  3 orcs
  3 giant cockroaches
  8 goblins
  A hobgoblin (D:3)
  9 jackals
  3 quokkas
  9 bats
  5 frilled lizards
  3 goblin zombies (Ossuary)
  9 hobgoblin zombies (Ossuary)
  A jackal zombie (Ossuary)
  3 kobolds
  7 kobold zombies (Ossuary)
  9 orc zombies (Ossuary)
  8 rats
  A rat zombie (Ossuary)
105 creatures vanquished.

Notes
Turn   | Place    | Note
-------+----------+-------------------------------------------
     0 | D:1      | Chiseanne the Demonspawn Hedge Wizard began the quest for
                  | the Orb.
     0 | D:1      | Reached XP level 1. HP: 13/13 MP: 4/4
   294 | D:1      | You fall into a shaft and drop 1 floor!
   351 | D:2      | Gained mutation: When seriously injured, your bleeding
                  | wounds create armour. (AC +12) [demonic ancestry]
   351 | D:2      | Reached XP level 2. HP: 17/19 MP: 0/6
  1114 | D:2      | Gained mutation: You are partially covered in sharp spines.
                  | [demonic ancestry]
  1114 | D:2      | Reached XP level 3. HP: 24/24 MP: 2/8
  1397 | D:2      | Noticed a big kobold
  1410 | D:2      | Killed a big kobold
  1411 | D:2      | Reached skill level 4 in Spellcasting
  1411 | D:2      | Reached XP level 4. HP: 20/30 MP: 0/10
  1574 | D:2      | Found a runed translucent door.
  1575 | D:2      | Noticed Crazy Yiuf
  1715 | D:2      | Gained mutation: When seriously injured, your bleeding
                  | wounds create thick armour. (AC +12) [demonic ancestry]
  1715 | D:2      | Reached XP level 5. HP: 25/35 MP: 6/11
  2178 | D:2      | Found a hazy altar of Hepliaklqana.
  2956 | D:3      | Learned a level 2 spell: Blink
  2961 | D:3      | Learned a level 3 spell: Mephitic Cloud
  3666 | D:3      | Reached skill level 1 in Poison Magic
  3698 | D:3      | Reached skill level 1 in Air Magic
  3698 | D:3      | Gained mutation: When seriously injured, your bleeding
                  | wounds create very thick armour. (AC +12) [demonic
                  | ancestry]
  3698 | D:3      | Reached XP level 6. HP: 29/41 MP: 8/13
  4492 | D:4      | Found a sand-covered staircase.
  4502 | Ossuary  | Entered an ossuary
  5181 | Ossuary  | Reached skill level 5 in Spellcasting
  5277 | Ossuary  | HP: 1/41 [mummy (10)]
  5278 | Ossuary  | Mangled by a mummy

Illustrated notes

Levels and vault maps discovered:
D:1:      onia_arrival_pentagram, layout_basic
D:2:      layout_loops_ring, lemuel_doored_altar, uniq_crazy_yiuf_cottage
D:3:      layout_loops_ring
D:4:      layout_cave_pools, kennysheep_little_box,
          minmay_temple_entry_crystal_x, lightli_ossuary_entry_decrepit_ruins,
          serial_shops, nicolae_shop_waterfront
Ossuary:  ossuary_tomb_1

Skill      XL: |  1  2  3  4  5  6 |
---------------+-------------------+-----
Conjurations   | 2 3 4 |  4.3
Spellcasting   | 4 5 |  5.0
Poison Magic   | 1 |  1.9
Air Magic      | 1 |  1.5
Dodging        | |  1.7
Stealth        | |  1.7
Summonings     | |  1.0
Translocations | |  0.8

Action                   |  1- 3 |  4- 6 || total
-------------------------+-------+-------++-------
Melee: Dagger            |    38 |    56 ||    94
 Cast: Magic Dart        |    70 |   200 ||   270
       Mephitic Cloud    |       |     3 ||     3
  Use: Scroll            |       |    10 ||    10
       Potion            |       |     2 ||     2
 Stab: Sleeping          |       |     1 ||     1
Armor: Robe              |    17 |    20 ||    37
Dodge: Dodged            |    23 |    44 ||    67
